 Dungeon Sprint DCSS version 0.32-a0-961-gd60f5e5fc7 (webtiles) character file.

Game seed: 13566555482872945987

467 zazu2006 the Slicer (level 7, -14/56 HPs)
             Began as a Gnoll Wanderer on Apr 17, 2024.
             Was an Initiate of Vehumet.
             Demolished by Sonja
             ... wielding a +2 dagger of distortion
              (18 damage)
             ... in the Dungeon (Sprint I: "Red Sonja").
             The game lasted 00:02:01 (278 turns).

zazu2006 the Slicer (Gnoll Wanderer)                 Turns: 278, Time: 00:02:02

Health: -14/56     AC:  3    Str:  9    XL:     7   Next: 8%
Magic:  17/17      EV: 13    Int: 14    God:    Vehumet [......]
Gold:   297        SH:  0    Dex: 13    Spells: 19/20 levels left

rFire   . . .        k - +0 dagger (venom)
rCold   . . .        (no shield)
rNeg    . . .        d - +0 robe
rPois   .            (no helmet)
rElec   .            (no cloak)
rCorr   .            (no gloves)
SInv    .            b - +0 pair of boots
Will    .....        (no amulet)
Stlth   +++          (no ring)
HPRegen 0.29/turn    (no ring)
MPRegen 0.15/turn

%: no teleportation
@: lethally poisoned (-14 -> -19), slowed, very slow
A: fangs 1, strong nose, distributed training
a: Renounce Religion


You were in the Dungeon.
You worshipped Vehumet.
Vehumet was noncommittal.
You visited 1 branch You collected 297 gold pieces.

Inventory:

Hand Weapons
 a - a +2 short sword
 k - a +0 dagger of venom (weapon)
Armour
 b - a +0 pair of boots (worn)
 d - a +0 robe (worn)
Wands
 i - a wand of flame (32)
Scrolls
 c - a scroll of teleportation
 j - a scroll of blinking
 l - a scroll of silence {unknown}
 m - a scroll of immolation {unknown}
 n - a scroll of identify {unknown}
Potions
 g - a potion of haste
 h - 2 potions of magic


   Skills:
 + Level 5.3 Fighting
 + Level 10.1 Short Blades
 + Level 5.3 Long Blades
 + Level 5.3 Axes
 + Level 5.3 Maces & Flails
 + Level 5.3 Polearms
 + Level 5.3 Staves
 + Level 5.3 Ranged Weapons
 + Level 5.3 Throwing
 + Level 5.3 Armour
 + Level 6.0 Dodging
 + Level 5.9 Stealth
 + Level 5.3 Shields
 + Level 5.3 Unarmed Combat
 + Level 7.4 Spellcasting
 + Level 4.4 Conjurations
 + Level 4.4 Hexes
 + Level 4.4 Summonings
 + Level 4.4 Necromancy
 + Level 4.4 Translocations
 + Level 4.4 Fire Magic
 + Level 4.4 Ice Magic
 + Level 5.9 Air Magic
 + Level 4.4 Earth Magic
 + Level 4.4 Alchemy
 + Level 5.9 Invocations
 + Level 5.3 Evocations
 + Level 4.8 Shapeshifting


You had 19 spell levels left.
You knew the following spells:

 Your Spells              Type           Power      Damage    Failure   Level
a - Shock                 Conj/Air       76%        1d7       1%          1

Your spell library contained the following spells:

 Spells                   Type           Power      Damage    Failure   Level
 Swiftness                Air            21%        N/A       3%          3


Dungeon Overview and Level Annotations

Branches:
Dungeon (1/1)

Altars:
Makhleb
Sif Muna
Vehumet
Wu Jian
Xom
Jiyva
Lugonu

Annotations:
D Sonja


Innate Abilities, Weirdness & Mutations

You have very sharp teeth.
Your uncanny sense of smell can sniff out nearby items.
Your experience applies equally to all skills.


Message History

The puff of flame hits Sonja!
Sonja is heavily wounded.
You feel very sick.
Sonja hits you with a +2 dagger of distortion.
Space warps horribly around you!!
* * * LOW HITPOINT WARNING * * *
Sonja hits you with a +2 dagger of distortion.
* * * LOW HITPOINT WARNING * * *
Sonja misses you.
You feel much better.
You feel very sick.
Sonja mumbles some strange words.
Sonja blinks!
Sonja throws a curare-tipped dart.
The curare-tipped dart hits you.
You are more poisoned.
You have difficulty breathing.
You feel as though you will be slow longer.
You feel better.
Sonja throws a curare-tipped dart.
The curare-tipped dart hits you.
You are poisoned.
You have difficulty breathing.
You feel as though you will be slow longer.
Aiming: Throw Flame
Press: ? - help, Shift-Dir - straight line, f/p - Sonja
Aim: Sonja, wielding a +2 dagger of distortion and quivering curare-tipped darts (heavily wounded, 33% to hit)
The puff of flame misses Sonja.
You feel very sick.
Sonja throws a curare-tipped dart.
The curare-tipped dart closely misses you.
Aiming: Throw Flame
Press: ? - help, Shift-Dir - straight line, f/p - Sonja
Aim: Sonja, wielding a +2 dagger of distortion and quivering curare-tipped darts (heavily wounded, 33% to hit)
The puff of flame hits Sonja!
Sonja is severely wounded.
You feel very sick.
Sonja hits you with a +2 dagger of distortion!
* * * LOW HITPOINT WARNING * * *
Space warps horribly around you!!
You die...
Sonja applauds herself.

#<.#..'..#.)'..#__#∆∆
#..'[.#..'..#..'..+∆∆
#..#####'#####'#__#
#..# #..#...#.####∆∆
#..# ####..##.# ∆
#.)# ##'#_.+ #⌠⌠#
+..._# ∆ #### #_K#'#
∆∆ ##@#.#∆∆∆∆ #.### ∆
$.$ ∆∆ ∆∆ ∆ #$.$#
##.## ∆#+#∆ ∆∆∆∆∆
∆∆∆∆∆


You could see Sonja.

Vanquished Creatures
  Sigmund (D)
  A slime creature (D)
  An ogre (D)
  A jelly (D)
  Ijyb (D)
5 creatures vanquished.

Notes
Turn   | Place    | Note
-------+----------+-------------------------------------------
     0 | D        | zazu2006 the Gnoll Wanderer began the quest for the Orb.
     0 | D        | zazu2006 set off with the following items: a +2 short
                  | sword, a +0 pair of boots, a scroll of teleportation, a +0
                  | robe, a potion of curing, a potion of heal wounds, a potion
                  | of haste, 2 potions of magic, a potion of berserk rage, a
                  | scroll of blinking; and the following spell memorised:
                  | Shock; and the following spells available to memorise:
                  | Swiftness.
     0 | D        | Reached XP level 1. HP: 13/13 MP: 6/6
     2 | D        | Noticed Ijyb
    10 | D        | Killed Ijyb
    11 | D        | Reached skill level 1 in Fighting
    11 | D        | Reached skill level 1 in Long Blades
    11 | D        | Reached skill level 1 in Axes
    11 | D        | Reached skill level 1 in Maces & Flails
    11 | D        | Reached skill level 1 in Polearms
    11 | D        | Reached skill level 1 in Staves
    11 | D        | Reached skill level 1 in Ranged Weapons
    11 | D        | Reached skill level 1 in Throwing
    11 | D        | Reached skill level 1 in Armour
    11 | D        | Reached skill level 1 in Shields
    11 | D        | Reached skill level 1 in Unarmed Combat
    11 | D        | Reached skill level 5 in Spellcasting
    11 | D        | Reached skill level 1 in Conjurations
    11 | D        | Reached skill level 1 in Hexes
    11 | D        | Reached skill level 1 in Summonings
    11 | D        | Reached skill level 1 in Necromancy
    11 | D        | Reached skill level 1 in Translocations
    11 | D        | Reached skill level 1 in Fire Magic
    11 | D        | Reached skill level 1 in Ice Magic
    11 | D        | Reached skill level 1 in Earth Magic
    11 | D        | Reached skill level 1 in Alchemy
    11 | D        | Reached skill level 1 in Evocations
    11 | D        | Reached skill level 1 in Shapeshifting
    11 | D        | Reached XP level 2. HP: 10/22 MP: 6/8
    11 | D        | Reached XP level 3. HP: 12/27 MP: 6/9
    82 | D        | Noticed an ogre
    98 | D        | Killed an ogre
    99 | D        | Reached skill level 9 in Short Blades
    99 | D        | Reached XP level 4. HP: 35/35 MP: 9/11
   119 | D        | Noticed Sigmund
   121 | D        | Killed Sigmund
   122 | D        | Reached skill level 5 in Dodging
   122 | D        | Reached skill level 5 in Stealth
   122 | D        | Reached skill level 5 in Air Magic
   122 | D        | Reached XP level 5. HP: 43/43 MP: 12/14
   122 | D        | Reached XP level 6. HP: 49/49 MP: 12/15
   134 | D        | Found a shimmering blue altar of Sif Muna.
   135 | D        | Found an ornate altar of the Wu Jian Council.
   136 | D        | Found a radiant altar of Vehumet.
   141 | D        | Reached skill level 5 in Invocations
   142 | D        | Became a worshipper of Vehumet
   165 | D        | Found a viscous altar of Jiyva.
   165 | D        | Found a corrupted altar of Lugonu.
   165 | D        | Noticed a slime creature
   166 | D        | Found a burning altar of Makhleb.
   166 | D        | Found a shimmering altar of Xom.
   182 | D        | Killed a slime creature
   183 | D        | Reached skill level 5 in Fighting
   183 | D        | Reached skill level 10 in Short Blades
   183 | D        | Reached skill level 5 in Long Blades
   183 | D        | Reached skill level 5 in Axes
   183 | D        | Reached skill level 5 in Maces & Flails
   183 | D        | Reached skill level 5 in Polearms
   183 | D        | Reached skill level 5 in Staves
   183 | D        | Reached skill level 5 in Ranged Weapons
   183 | D        | Reached skill level 5 in Throwing
   183 | D        | Reached skill level 5 in Armour
   183 | D        | Reached skill level 5 in Shields
   183 | D        | Reached skill level 5 in Unarmed Combat
   183 | D        | Reached skill level 5 in Evocations
   183 | D        | Reached XP level 7. HP: 30/56 MP: 15/17
   271 | D        | Noticed Sonja
   274 | D        | HP: 2/56 [Sonja/+2 dagger of distortion (24)]
   278 | D        | Demolished by Sonja

Illustrated notes

Levels and vault maps discovered:
D:        dungeon_sprint_1 [red_sonja_temple_1, red_sonja_temple_small_1]

Skill      XL: |  1  2  3  4  5  6 |
---------------+-------------------+-----
Fighting       | 1 3 4 5 |  5.3
Long Blades    | 1 3 4 5 |  5.3
Axes           | 1 3 4 5 |  5.3
Maces & Flails | 1 3 4 5 |  5.3
Polearms       | 1 3 4 5 |  5.3
Staves         | 1 3 4 5 |  5.3
Ranged Weapons | 1 3 4 5 |  5.3
Throwing       | 1 3 4 5 |  5.3
Armour         | 1 3 4 5 |  5.3
Dodging        | 3 4 5 6 |  6.0
Stealth        | 3 4 5 |  5.9
Shields        | 1 3 4 5 |  5.3
Unarmed Combat | 1 3 4 5 |  5.3
Spellcasting   | 5 6 7 |  7.4
Conjurations   | 1 2 3 4 |  4.4
Hexes          | 1 2 3 4 |  4.4
Summonings     | 1 2 3 4 |  4.4
Necromancy     | 1 2 3 4 |  4.4
Translocations | 1 2 3 4 |  4.4
Fire Magic     | 1 2 3 4 |  4.4
Ice Magic      | 1 2 3 4 |  4.4
Air Magic      | 4 5 |  5.9
Earth Magic    | 1 2 3 4 |  4.4
Alchemy        | 1 2 3 4 |  4.4
Invocations    | 2 3 4 5 |  5.9
Evocations     | 1 3 4 5 |  5.3
Shapeshifting  | 1 2 4 |  4.8
Short Blades   | 9 10 | 10.1

Action                     |  1- 3 |  4- 6 |  7- 9 || total
---------------------------+-------+-------+-------++-------
  Melee: Short sword       |     7 |       |       ||     7
         Dagger            |     6 |     7 |       ||    13
         Bite              |     1 |     3 |       ||     4
   Cast: Shock             |     1 |       |       ||     1
  Evoke: Wand              |       |     4 |     4 ||     8
    Use: Potion            |     1 |       |     2 ||     3
   Stab: Sleeping          |       |     2 |       ||     2
 Armour: Robe              |     2 |     5 |     3 ||    10
  Dodge: Dodged            |     4 |     1 |     2 ||     7

Table legend: (Time is in decaauts)
 A = Elapsed time spent in this place.
 B = Non-inter-level travel time spent in this place.
 C = Inter-level travel time spent in this place.
 D = Time resting spent in this place.
 E = Time spent auto-exploring this place.
 F = Levels seen in this place.
 G = Mean time per level.
                   A        B        C        D        E       F      G
               +--------+--------+--------+--------+--------+-----+--------+
         Total |    279 |    279 |      0 |    144 |      0 |   1 |  279.0 |
       Dungeon |    279 |    279 |      0 |    144 |      0 |   1 |  279.0 |
               +--------+--------+--------+--------+--------+-----+--------+

Top non-repeatable levels by time:
       D: 279 daAuts
